Map: Zona del Vuoto

Players

Nasurdin - Winner!

  • Race: Zerg Zerg

Sova - Winner!

  • Race: Protoss Protoss

Jhyrachy - Winner!

  • Race: Zerg Zerg
  • League: Gold

Teu - Winner!

  • Race: Terran Terran

LouisXVI

  • Race: Terran Terran

Leoreign

  • Race: Protoss Protoss
  • League: Gold

MAXELY

  • Race: Terran Terran

yoda

  • Race: Terran Terran

VOD

Have the link to the VOD?

Description

Time

  • Played on: May 23, 2016, 5:22 p.m.
  • Length: 17:47
Show
View Real Time Build Order
Export as new Build Order

Nasurdin Zerg - Winner!

Build Orders: Pool First, Lurkers 

Get SALT Encoding   

  12  0:03  Drone  
  13  0:11  Drone  
  14  0:21  Extractor  
  14  0:22  Drone  
  14  0:23  Extractor, Drone  
  16  0:29  Overlord  
  16  0:47  Spawning Pool  
  15  0:54  Drone  
  16  0:59  Extractor  
  15  1:27  Hatchery  
  14  1:36  Queen  
  16  1:41  Zergling x6  
  19  1:55  Zergling x2  
  19  1:59  Metabolic Boost  
  20  2:10  Zergling x2  
  21  2:20  Zergling x2  
  22  2:28  Overlord  
  20  2:49  Zergling x2  
  20  2:50  Zergling x8  
  25  2:57  Queen  
  27  3:08  Zergling x4  
  27  3:09  Zergling x2  
  30  3:23  Zergling x4  
  30  3:24  Zergling x4  
  34  3:31  Overlord  
  34  3:43  Zergling x2  
  24  4:02  Drone x2  
  25  4:03  Drone x4  
  29  4:16  Baneling Nest  
  28  4:26  Spine Crawler  
  27  4:32  Drone, Spine Crawler  
  27  4:37  Drone  
  28  4:45  Zergling x4  
  30  4:48  Zergling x2  
  31  5:00  Drone x3  
  31  5:01  Drone  
  31  5:05  Drone  
  36  5:15  Lair  
  36  5:31  Zergling x4  
  36  5:32  Zergling x8  
  42  5:37  Overlord  
  42  5:58  Drone x4  
  42  5:59  Drone x4  
  50  6:05  Extractor  
  49  6:12  Centrifical Hooks  
  49  6:29  Drone x3  
  49  6:32  Overlord x3  
  52  6:51  Hydralisk Den  
  51  6:54  Evolution Chamber  
  51  6:55  Zergling x8, Evolution Chamber  
  53  7:15  Hatchery  
  52  7:28  Muscular Augments  
  52  7:29  Hydralisk x4  
  56  7:30  Hydralisk x2  
  64  7:40  Baneling x6  
  64  7:41  Baneling x3  
  64  7:46  Drone  
  64  7:47  Drone x2  
  67  8:03  Hydralisk x2  
  71  8:07  Drone x3  
  74  8:17  Extractor  
  74  8:18  Extractor  
  72  8:21  Overlord x3  
  72  8:31  Zerg Missile Weapons Level 1  
  72  8:45  Zerg Ground Armor Level 1  
  72  8:48  Queen  
  74  8:52  Drone x2  
  74  8:53  Drone  
  74  8:55  Overlord x3  
  77  9:03  Lurker Den  
  77  9:12  Drone  
  77  9:13  Drone  
  77  9:14  Drone x3  
  77  9:16  Drone  
  83  9:29  Burrow  
  83  9:34  Hydralisk x2  
  87  9:57  Hatchery  
  86  10:01  Drone x3  
  86  10:02  Infestation Pit, Drone x5  
  86  10:04  Drone  
  94  10:22  Hydralisk x3  
  94  10:23  Hydralisk x2  
  94  10:24  Hydralisk  
  106  10:28  Extractor  
  106  10:30  Extractor  
  106  10:35  Zerg Missile Weapons Level 2  
  104  10:40  Pneumatized Carapace  
  104  10:54  Hive  
  89  11:28  Hydralisk x5  
  89  11:29  Hydralisk x5  
  89  11:30  Hydralisk x3  
  80  11:41  Drone x2  
  82  11:53  Zergling x10  
  82  11:54  Zergling x12  
  90  12:01  Queen  
  95  12:09  Hydralisk x4  
  103  12:29  Ultralisk Cavern  
  102  12:31  Zerg Ground Armor Level 2  
  102  12:40  Hydralisk x6  
  102  12:41  Hydralisk x2  
  118  12:49  Drone x2  
  118  12:50  Drone x3  
  123  12:53  Extractor  
  123  12:54  Extractor  
  121  13:11  Zerg Missile Weapons Level 3  
  121  13:34  Overlord x4  
  121  13:35  Overlord x5  
  121  13:36  Overlord x2  
  121  13:37  Drone  
  121  13:38  Drone x3  
  125  13:47  Chitinous Plating  
  125  14:11  Hydralisk x5  
  125  14:12  Hydralisk x5  
  145  14:33  Lurker x3  
  145  14:34  Lurker x4  
  125  15:10  Ultralisk x5  
  125  15:12  Zergling x2  
  125  15:13  Zergling x8  
  131  15:36  Lurker x2  
  131  15:37  Lurker x3  
  131  15:38  Lurker  
  129  15:48  Zerg Melee Weapons Level 1  
  126  16:04  Ultralisk x2  
  126  16:10  Zergling x10  
  126  16:11  Zergling x12  
  149  16:46  Ultralisk x2  
  167  16:47  Ultralisk  
  167  16:48  Zergling x2  
  167  16:49  Zergling x14  
  167  16:50  Zergling x2  
  176  17:18  Hatchery  
  176  17:20  Zergling x6  
Show
View Real Time Build Order
Export as new Build Order

Sova Protoss - Winner!

Build Orders:  

Get SALT Encoding   

  12  0:01  Probe (Chrono Boost)  
  13  0:12  Probe (Chrono Boost)  
  14  0:22  Probe (Chrono Boost)  
  14  0:24  Pylon  
  15  0:42  Probe (Chrono Boost)  
  16  0:45  Gateway  
  16  0:50  Gateway  
  16  0:55  Probe (Chrono Boost)  
  17  1:06  Probe (Chrono Boost)  
  17  1:11  Pylon  
  18  1:16  Probe (Chrono Boost)  
  19  1:27  Gateway  
  19  1:31  Assimilator  
  19  1:33  Zealot  
  19  1:38  Zealot  
  23  1:48  Cybernetics Core  
  23  2:00  Zealot  
  25  2:04  Probe (Chrono Boost)  
  25  2:05  Zealot  
  28  2:11  Assimilator  
  28  2:16  Pylon  
  28  2:24  Zealot  
  30  2:34  Stalker  
  32  2:39  Pylon  
  32  2:46  Zealot  
  34  2:55  Stalker  
  36  3:00  Warp Gate  
  36  3:10  Stalker  
  38  3:18  Zealot  
  40  3:53  Nexus  
  32  4:24  Stalker x3  
  28  4:54  Stalker x2  
  30  5:06  Pylon  
  30  5:10  Probe (Chrono Boost)  
  30  5:12  Assimilator  
  31  5:16  Assimilator  
  31  5:20  Probe (Chrono Boost)  
  32  5:31  Probe (Chrono Boost)  
  32  5:34  Stalker  
  35  5:39  Stalker x2  
  35  5:41  Probe (Chrono Boost)  
  40  5:49  Probe (Chrono Boost)  
  41  6:00  Probe (Chrono Boost)  
  42  6:10  Probe (Chrono Boost)  
  37  6:28  Stalker x3  
  37  7:07  Stalker x2  
  37  7:08  Stalker  
  39  7:11  Probe (Chrono Boost)  
  39  7:15  Pylon  
  34  7:17  Pylon  
  34  7:22  Probe (Chrono Boost)  
  35  7:31  Gateway  
  35  7:32  Gateway  
  35  7:33  Probe (Chrono Boost)  
  35  7:34  Gateway  
  36  7:39  Stalker x2  
  36  7:40  Stalker  
  36  7:43  Probe (Chrono Boost)  
  43  8:14  Stalker  
  43  8:15  Stalker x2  
  47  8:40  Probe (Chrono Boost)  
  46  8:43  Twilight Council  
  46  8:48  Stalker  
  48  8:49  Stalker x3  
  48  8:50  Probe (Chrono Boost)  
  55  8:57  Stalker  
  55  8:58  Stalker  
  55  9:01  Probe (Chrono Boost)  
  55  9:02  Pylon  
  60  9:11  Probe (Chrono Boost)  
  43  9:38  Stalker x4  
  39  9:39  Stalker x2  
  39  9:42  Probe (Chrono Boost)  
  48  9:50  Blink (Chrono Boost)  
  48  9:52  Probe  
  49  10:04  Probe  
  50  10:10  Dark Shrine  
  50  10:14  Stalker  
  50  10:15  Stalker  
  50  10:16  Stalker  
  56  10:27  Stalker  
  58  10:30  Stalker  
  60  10:37  Stalker  
  62  10:58  Nexus  
  62  11:02  Stalker  
  64  11:22  Dark Templar x3  
  64  11:23  Dark Templar  
  72  11:34  Templar Archives  
  72  11:37  Stalker  
  74  11:42  Stalker  
  76  12:00  Assimilator  
  76  12:01  Assimilator  
  76  12:04  Stalker  
  76  12:05  Stalker  
  76  12:06  Stalker  
  82  12:16  Stalker  
  84  12:30  Stalker  
  84  12:31  Stalker x2  
  90  12:39  High Templar, Pylon  
  90  12:40  High Templar  
  94  12:55  Robotics Facility  
  94  12:56  Probe  
  95  12:59  Pylon  
  95  13:07  Probe, Pylon  
  96  13:13  High Templar x2  
  96  13:17  Probe, Archon  
  101  13:26  Archon  
  101  13:29  Pylon  
  101  13:32  Pylon  
  101  13:38  Stalker x3  
  101  13:40  Stalker  
  109  13:47  Observer (Chrono Boost)  
  110  13:51  Gateway  
  110  13:56  Gateway  
  110  14:03  Forge  
  110  14:10  Forge  
  110  14:14  High Templar  
  110  14:15  High Templar  
  110  14:16  High Templar  
  116  14:17  High Templar  
  118  14:31  Archon x2  
  118  14:37  Stalker x2  
  122  14:43  Protoss Ground Weapons Level 1  
  121  14:57  Protoss Ground Armor Level 1  
  121  14:58  Observer (Chrono Boost)  
  122  15:04  Zealot x3  
  122  15:05  Zealot x2  
  132  15:24  Stalker  
  132  15:25  Stalker x2  
  132  15:26  Stalker  
  49  16:06  Dark Templar x4  
  49  16:10  Zealot  
  49  16:11  Zealot x3  
  43  16:46  Dark Templar  
  43  16:47  Dark Templar x3  
  43  16:48  Dark Templar  
  43  17:23  Dark Templar  
  43  17:24  Dark Templar x2  
  43  17:25  Zealot  
  43  17:26  Zealot x2  
Show
View Real Time Build Order
Export as new Build Order

Jhyrachy Zerg - Winner!

Build Orders: Pool First 

Get SALT Encoding   

  12  0:01  Drone  
  13  0:16  Drone  
  13  0:18  Overlord  
  14  0:33  Extractor, Drone  
  14  0:37  Drone  
  14  0:42  Drone  
  16  0:54  Spawning Pool, Drone  
  16  1:00  Drone  
  17  1:15  Drone  
  18  1:22  Drone  
  19  1:36  Drone  
  20  1:45  Queen  
  22  2:00  Overlord  
  22  2:02  Hatchery  
  21  2:12  Drone  
  22  2:19  Extractor  
  22  2:20  Drone  
  22  2:21  Drone  
  22  2:22  Lair  
  23  2:32  Drone  
  24  2:37  Overlord  
  24  3:00  Drone  
  24  3:01  Drone x3  
  28  3:11  Drone  
  29  3:17  Queen  
  31  3:21  Spire  
  31  3:24  Overlord  
  30  3:33  Drone x3  
  30  3:34  Drone x2  
  35  3:36  Overlord  
  35  3:51  Extractor  
  35  3:53  Extractor, Drone  
  34  4:07  Drone x5  
  34  4:08  Drone  
  40  4:32  Overlord x2  
  40  4:35  Mutalisk x2  
  40  4:36  Mutalisk x3  
  50  4:41  Mutalisk  
  52  4:46  Mutalisk  
  54  4:53  Mutalisk  
  56  5:03  Zerg Flyer Weapons Level 1  
  56  5:05  Drone  
  56  5:06  Drone x3  
  60  5:09  Overlord  
  60  6:18  Drone  
  61  6:19  Drone x3  
  64  7:32  Queen  
  64  7:33  Hatchery  
  64  7:35  Mutalisk x4, Zerg Flyer Armor Level 1  
  64  7:36  Mutalisk x5  
  83  7:38  Extractor  
  83  7:40  Overlord x2, Extractor  
  83  7:43  Pneumatized Carapace  
  79  8:29  Infestation Pit  
  78  8:45  Mutalisk  
  78  8:46  Mutalisk  
  78  8:47  Mutalisk x8  
  98  9:09  Drone x3  
  101  9:10  Drone  
  101  9:11  Drone x2  
  101  9:12  Drone x2  
  101  9:13  Overlord x2  
  101  9:14  Overlord  
  106  9:28  Zerg Flyer Weapons Level 2  
  106  10:14  Hive  
  106  10:19  Mutalisk  
  106  10:20  Mutalisk x10  
  128  10:24  Overlord x2  
  128  11:01  Overseer x2  
  128  11:19  Spire  
  127  12:04  Zerg Flyer Weapons Level 3  
  127  12:13  Evolution Chamber  
  122  12:44  Zerg Melee Weapons Level 1  
  122  12:47  Greater Spire  
  116  14:48  Zerg Flyer Armor Level 2  
  116  14:54  Zerg Ground Armor Level 1  
  116  14:55  Evolution Chamber  
  113  15:24  Evolution Chamber, Zerg Missile Weapons Level 1  
  112  15:32  Corruptor x3  
  112  15:33  Corruptor x5  
  128  15:38  Overlord x3  
  128  15:39  Overlord x4  
  128  15:59  Metabolic Boost  
  128  16:25  Brood Lord x6  
  138  16:26  Brood Lord  
  142  16:36  Brood Lord  
Show
View Real Time Build Order
Export as new Build Order

Teu Terran - Winner!

Build Orders:  

Get SALT Encoding   

  12  0:01  SCV  
  13  0:13  SCV  
  14  0:25  SCV  
  14  0:27  Supply Depot  
  15  0:35  Refinery  
  15  0:49  SCV  
  16  0:50  Barracks  
  16  1:01  SCV  
  17  1:09  Barracks  
  17  1:13  SCV  
  18  1:25  SCV  
  19  1:34  Supply Depot  
  19  1:39  Orbital Command  
  19  1:40  Marine  
  20  1:57  Factory  
  20  1:58  Marine  
  20  1:59  Marine  
  22  2:08  SCV  
  23  2:16  Marine  
  23  2:18  Refinery  
  24  2:23  Barracks Tech Lab  
  24  2:30  Engineering Bay, SCV  
  24  2:34  Marine  
  26  2:51  Siege Tank  
  26  2:53  Barracks Tech Lab  
  26  2:55  Marine  
  30  3:00  Supply Depot  
  30  3:01  SCV  
  31  3:07  Missile Turret  
  31  3:21  Marine x2, Missile Turret  
  31  3:23  Siege Tank  
  36  3:32  SCV  
  37  3:37  Supply Depot  
  37  3:39  Marine  
  32  4:47  Marine x2  
  32  4:49  Siege Tank  
  34  5:04  Combat Shields  
  34  5:05  Marine x2  
  36  5:07  Terran Infantry Weapons Level 1  
  36  5:12  Command Center  
  36  5:16  Factory  
  36  5:20  Missile Turret  
  36  5:23  Marine x2  
  36  5:25  Supply Depot  
  38  5:34  Siege Tank  
  41  5:39  SCV  
  41  5:41  Marine x2  
  44  5:44  Barracks  
  44  5:58  Marine  
  44  5:59  Marine  
  46  6:21  Marine x2  
  48  6:39  Marine x2  
  48  7:22  Marine x2  
  50  7:24  Factory Tech Lab  
  50  7:25  Barracks Tech Lab  
  50  7:29  SCV x2  
  52  7:40  Marine  
  52  7:41  Marauder, SCV  
  52  7:42  SCV  
  57  7:58  Marine  
  58  8:02  Marauder  
  55  8:10  Marauder  
  55  8:11  Concussive Shells  
  48  8:14  Barracks, Siege Tank x2  
  48  8:17  Terran Infantry Armor Level 1, Barracks  
  54  8:20  Stimpack  
  54  8:23  Marauder, SCV  
  54  8:26  Refinery, SCV  
  58  8:31  Marauder  
  58  8:33  Supply Depot  
  56  8:35  SCV  
  56  8:38  SCV  
  56  8:42  Armory  
  56  8:45  Marauder  
  58  8:49  Marine  
  58  8:53  Marauder  
  61  9:06  Barracks Tech Lab  
  61  9:07  Barracks Tech Lab  
  61  9:09  Marauder  
  63  9:12  Marine  
  63  9:14  Marauder  
  66  9:30  Orbital Command  
  66  9:31  Marauder  
  68  9:38  Marauder x2  
  72  9:39  Marauder  
  72  9:40  Marine  
  75  9:52  Marauder  
  68  10:26  Siege Tank x2  
  71  10:58  Siege Tank x2  
  71  11:02  Marine x2  
  71  11:03  Marine x3  
  55  11:06  Terran Infantry Weapons Level 2  
  49  11:13  SCV x2  
  49  11:16  Barracks  
  51  11:20  Marine x3  
  51  11:21  Marine  
  51  11:25  SCV x2  
  57  11:26  Marauder  
  59  11:37  Terran Vehicle Weapons Level 1  
  59  11:38  Marine x3  
  59  11:39  Engineering Bay  
  62  11:40  Marine  
  63  11:47  Marine  
  64  11:56  Marine  
  64  11:58  Barracks  
  65  12:05  Marine x4  
  70  12:09  Barracks Reactor  
  69  12:23  Marauder x3  
  75  12:30  Marine, Marauder  
  78  12:52  Marine x4, Marauder  
  78  12:53  Marine, Marauder  
  87  13:10  Marine x3  
  87  13:11  Marine  
  91  13:13  Marine  
  91  13:18  Marine x2  
  94  13:31  Terran Infantry Weapons Level 3  
  94  14:29  Marine x2, Supply Depot  
  94  14:30  Supply Depot, Marauder x3  
  102  14:32  Marine x2  
  92  14:51  Marauder x4  
  86  15:05  Marine  
  86  15:06  Marine x2  
  87  15:10  Siege Tank  
  87  15:12  Barracks Tech Lab, Marauder x3  
  87  15:13  Siege Tank, Marauder  
  99  15:18  Missile Turret  
  98  15:23  Marine  
  99  15:33  Marauder  
  99  15:34  Marauder  
  89  16:02  Marine x3, Marauder x4  
  94  16:20  Marine x3  
  103  17:44  Supply Depot  
  103  17:45  Supply Depot  
Show
View Real Time Build Order
Export as new Build Order

LouisXVI Terran 

Build Orders: MMM Bio 

Get SALT Encoding   

  12  0:01  SCV  
  13  0:14  SCV  
  14  0:19  Supply Depot  
  14  0:26  SCV  
  15  0:44  Barracks  
  15  0:50  Barracks  
  15  0:52  SCV  
  16  1:04  SCV  
  17  1:22  Supply Depot  
  17  1:27  Barracks, SCV  
  17  1:32  Marine  
  19  1:37  Marine  
  20  1:50  Marine  
  21  1:55  Marine  
  21  2:00  Refinery  
  22  2:07  Marine  
  23  2:13  Marine  
  24  2:15  Marine  
  24  2:22  Supply Depot  
  25  2:25  Marine  
  26  2:31  Marine  
  26  2:33  Marine  
  28  2:43  Marine  
  27  2:49  Marine  
  27  2:51  Marine  
  28  3:01  Marine  
  29  3:06  Marine  
  29  3:09  Marine  
  31  3:15  Command Center  
  31  3:19  Marine  
  32  3:24  Marine  
  32  3:25  SCV  
  34  3:34  Barracks Tech Lab  
  34  3:36  Marine  
  34  3:37  SCV  
  36  3:42  Marine  
  37  3:52  Bunker  
  30  4:00  Marine x3  
  32  4:07  SCV  
  33  4:11  Stimpack  
  33  4:18  Marine x3  
  36  4:32  SCV  
  36  4:35  Marine  
  36  4:36  Marine x2  
  40  4:42  Bunker  
  40  4:44  SCV  
  41  4:54  Marine  
  41  4:55  Barracks Reactor x2  
  41  4:56  SCV  
  41  4:59  SCV  
  44  5:08  Refinery, SCV  
  44  5:11  SCV  
  46  5:20  SCV  
  47  5:23  SCV  
  47  5:24  Factory  
  48  5:32  SCV  
  49  5:37  SCV  
  50  5:44  SCV  
  51  5:51  Supply Depot  
  51  5:55  Engineering Bay  
  51  5:57  SCV  
  52  6:09  SCV  
  53  6:14  Starport  
  53  6:20  Supply Depot  
  53  6:31  Missile Turret x2  
  53  6:33  Missile Turret  
  53  6:52  Missile Turret  
  53  6:53  Missile Turret  
  53  6:55  Missile Turret  
  53  6:59  Starport Reactor  
  53  7:05  Terran Infantry Weapons Level 1  
  53  7:06  Engineering Bay, Orbital Command  
  53  7:08  Planetary Fortress  
  53  7:14  Missile Turret x2  
  53  7:15  Missile Turret x2  
  53  7:18  Marine x2  
  53  7:19  Marine, Combat Shields  
  53  7:21  Marine x2  
  58  7:36  Marine x2, Missile Turret  
  60  7:41  Marine x3  
  60  7:43  Terran Infantry Armor Level 1  
  63  7:45  Medivac  
  65  7:54  Marine  
  66  8:00  Supply Depot  
  66  8:01  Refinery x2  
  66  8:02  SCV  
  67  8:14  Marine x2, SCV  
  70  8:22  Marine x2, Supply Depot, Medivac x2  
  70  8:23  Marine  
  70  8:27  SCV  
  78  8:44  Marine x3  
  81  8:50  Supply Depot  
  81  8:58  Marine x2  
  81  9:02  Marine x3  
  86  9:14  Missile Turret  
  86  9:16  Marine, Missile Turret  
  87  9:19  SCV  
  87  9:21  Marine  
  87  9:22  Marine x3  
  92  9:26  Medivac  
  94  9:35  Missile Turret  
  94  9:38  Missile Turret  
  94  9:40  Supply Depot  
  94  10:01  Marine x3, Medivac x2, SCV  
  94  10:03  Supply Depot  
  94  10:04  Missile Turret  
  102  10:24  Marine x3, SCV  
  102  10:25  Supply Depot  
  106  10:36  SCV  
  107  10:47  Supply Depot  
  91  11:45  Marine  
  91  11:46  Marine x4  
  96  11:55  Bunker  
  96  11:56  Bunker  
  96  12:00  Missile Turret  
  96  12:03  Marine x2  
  96  12:04  Marine x3  
  96  12:07  Bunker  
  101  12:11  Medivac x2  
  105  12:17  Armory  
  105  12:21  Marine x3  
  105  12:22  Marine x2  
  110  12:38  Supply Depot  
  110  12:39  Marine x5  
  115  12:50  Medivac  
  117  12:57  Marine, Supply Depot  
  118  12:59  Marine x4, Medivac  
  118  13:01  Supply Depot  
  124  13:14  Marine  
  124  13:17  Marine  
  124  13:19  Marine x3  
  129  13:20  Medivac  
  131  13:29  Medivac  
  131  13:32  Marine  
  134  13:35  Marine  
  134  13:37  Marine x3  
  138  13:45  Command Center  
  138  13:50  Marine, Medivac  
  138  13:53  Marine  
  142  14:29  Marine  
  142  14:30  Marine  
  142  14:31  Marine  
  141  14:34  Marine  
  141  14:36  Marine  
  141  14:47  Marine  
  141  14:49  Marine  
  141  14:50  Marine  
  141  14:52  Marine  
  137  14:53  Marine  
  122  15:05  Marine  
  122  15:07  Marine  
  112  15:08  Marine  
  112  15:11  Marine  
  61  15:23  Marine x2  
  57  15:31  Marine x2  
  59  15:40  Marine  
  59  15:41  Marine  
  56  15:49  Marine x2  
  54  15:58  Marine  
Show
View Real Time Build Order
Export as new Build Order

Leoreign Protoss 

Build Orders:  

Get SALT Encoding   

  12  0:01  Probe (Chrono Boost)  
  13  0:12  Probe (Chrono Boost)  
  14  0:22  Probe (Chrono Boost)  
  15  0:30  Pylon  
  15  0:48  Probe (Chrono Boost)  
  16  0:50  Gateway  
  16  0:52  Assimilator  
  16  0:59  Probe (Chrono Boost)  
  17  1:10  Probe (Chrono Boost)  
  18  1:20  Probe (Chrono Boost)  
  19  1:31  Probe (Chrono Boost)  
  20  1:41  Probe (Chrono Boost)  
  20  1:44  Cybernetics Core  
  21  1:49  Pylon  
  21  1:52  Probe (Chrono Boost)  
  21  1:53  Nexus  
  22  2:02  Assimilator, Probe (Chrono Boost)  
  23  2:13  Probe (Chrono Boost)  
  24  2:18  Pylon  
  24  2:21  Warp Gate (Chrono Boost)  
  24  2:24  Mothership Core  
  26  2:39  Gateway  
  26  2:45  Probe  
  26  2:47  Gateway  
  27  2:57  Probe  
  28  3:03  Probe  
  28  3:04  Pylon  
  29  3:13  Probe  
  30  3:26  Probe  
  30  3:27  Probe  
  32  3:40  Twilight Council  
  32  3:42  Gateway  
  32  3:43  Pylon  
  32  3:47  Forge  
  32  3:51  Gateway  
  32  4:28  Stalker x2  
  36  4:31  Pylon  
  36  4:35  Pylon  
  36  4:43  Stalker  
  36  4:52  Pylon  
  36  5:05  Pylon  
  36  5:07  Probe  
  36  5:08  Mothership Core  
  36  5:12  Assimilator  
  39  5:15  Assimilator  
  39  5:18  Probe, Pylon  
  39  5:19  Blink (Chrono Boost)  
  40  5:23  Stalker  
  40  5:24  Stalker x2  
  40  5:27  Stalker  
  48  5:29  Probe x2  
  48  5:30  Stalker  
  52  5:48  Stalker x2  
  50  6:06  Photon Cannon  
  50  6:10  Pylon  
  50  6:18  Photon Cannon x2  
  46  6:50  Stalker x2  
  46  6:51  Stalker x3  
  50  7:18  Stalker x3  
  47  7:28  Stalker  
  49  7:46  Stalker x2  
  35  8:50  Nexus  
  35  8:52  Assimilator  
  35  8:56  Stalker x2  
  35  8:57  Assimilator  
  35  9:02  Pylon  
  39  9:05  Pylon  
  39  9:12  Probe (Chrono Boost)  
  40  9:23  Probe (Chrono Boost)  
  41  9:33  Probe (Chrono Boost)  
  41  9:37  Stalker x2  
  42  9:44  Probe (Chrono Boost)  
  43  9:54  Probe (Chrono Boost)  
  43  9:58  Photon Cannon  
  44  10:03  Photon Cannon  
  44  10:06  Stalker  
  46  10:31  Stalker x2  
  48  11:19  Stalker x3  
  48  11:22  Stalker  
  56  11:47  Photon Cannon  
  56  11:58  Photon Cannon  
  56  12:02  Stalker  
  58  12:21  Stargate  
  58  12:38  Stalker x4  
  58  12:43  Probe (Chrono Boost)  
  67  12:54  Probe (Chrono Boost)  
  68  13:02  Stalker x2  
  68  13:03  Stalker  
  68  13:04  Probe (Chrono Boost)  
  75  13:10  Dark Shrine  
  75  13:26  Pylon  
  75  13:30  Photon Cannon, Pylon  
  75  14:25  Dark Templar x4  
  51  15:07  Stalker x4  
  57  15:31  Gateway x2  
  57  15:32  Pylon  
  57  15:33  Pylon  
  57  15:38  Stalker x4  
  57  15:39  Pylon  
  51  16:03  Nexus  
  51  16:13  Dark Templar x2  
  55  16:19  Dark Templar x2  
  55  16:23  Archon x2  
Show
View Real Time Build Order
Export as new Build Order

MAXELY Terran 

Build Orders:  

Get SALT Encoding   

  12  0:39  Command Center  
  12  1:01  SCV  
  12  1:02  Supply Depot  
  13  1:13  SCV  
  13  1:17  Refinery  
  14  1:25  SCV  
  15  1:28  Barracks  
  15  1:45  Barracks  
  15  2:16  Engineering Bay  
  15  2:18  Orbital Command  
  15  2:20  Refinery  
  15  2:27  Barracks Tech Lab  
  15  2:34  Barracks Tech Lab  
  15  2:50  SCV  
  16  2:57  Marine  
  17  3:02  SCV  
  18  3:10  Supply Depot  
  18  3:15  Marine  
  18  3:17  Terran Infantry Weapons Level 1  
  19  3:35  SCV  
  20  3:47  SCV  
  21  3:49  Factory  
  21  3:59  SCV  
  22  4:08  Marine x2  
  24  4:11  SCV  
  23  4:22  Bunker  
  23  4:23  SCV  
  24  4:26  Marine x2  
  25  4:44  Marine x2  
  24  5:02  Marauder x2  
  24  5:05  Factory Tech Lab  
  28  5:12  Terran Infantry Armor Level 1, Planetary Fortress  
  28  5:24  Marauder x2  
  32  5:29  Combat Shields  
  32  5:45  Marauder  
  32  5:48  Missile Turret  
  31  5:52  SCV  
  31  5:56  Widow Mine  
  34  6:05  SCV  
  32  6:17  SCV  
  33  6:21  Marauder  
  33  6:22  Marauder  
  33  6:25  Widow Mine  
  37  6:29  SCV  
  34  6:38  Missile Turret  
  34  6:43  Missile Turret  
  34  6:44  Missile Turret  
  28  7:05  Siege Tank  
  31  7:18  Missile Turret  
  31  7:19  SCV  
  31  7:21  Missile Turret  
  32  7:28  SCV  
  32  7:29  Missile Turret  
  33  7:31  Marine, SCV  
  33  7:33  Marine  
  36  7:40  SCV  
  37  7:59  Marine  
  37  8:04  Missile Turret  
  38  8:08  Supply Depot  
  38  8:21  Supply Depot  
  38  8:26  Refinery, Supply Depot  
  38  8:29  Widow Mine  
  38  8:30  Marine x2, SCV  
  43  8:42  SCV  
  43  8:47  Marine  
  43  8:48  Marine  
  46  8:58  Widow Mine  
  46  9:00  Command Center  
  46  9:02  SCV  
  49  9:14  SCV  
  50  9:18  Armory  
  47  9:26  Widow Mine  
  45  9:42  Command Center  
  45  9:56  Siege Tank  
  48  10:01  Missile Turret, SCV  
  48  10:02  Starport  
  48  10:06  Refinery  
  49  10:13  SCV  
  50  10:25  SCV  
  50  10:28  Siege Tank  
  54  10:37  SCV  
  55  10:43  Supply Depot  
  55  10:45  Starport Reactor  
  55  10:48  Terran Vehicle Weapons Level 1  
  56  10:50  SCV  
  56  10:53  Marine x2  
  58  11:11  Marine x2  
  58  11:14  Planetary Fortress  
  60  11:28  Supply Depot  
  60  11:29  Marine x2  
  62  11:42  SCV  
  62  11:43  Factory  
  62  11:46  Marine  
  62  11:47  Marine  
  63  11:51  Widow Mine  
  67  11:54  SCV  
  68  12:04  Marine x2  
  68  12:07  SCV  
  71  12:09  Drilling Claws  
  71  12:17  Missile Turret  
  71  12:19  Medivac  
  71  12:20  Widow Mine  
  71  12:22  Marine  
  74  12:29  Missile Turret  
  71  12:48  Widow Mine  
  73  12:51  Missile Turret  
  73  13:06  Factory Reactor  
  73  13:09  SCV  
  74  13:13  Marauder  
  74  13:14  Marauder  
  74  13:17  Widow Mine  
  77  13:21  SCV  
  78  13:28  Missile Turret  
  78  13:33  SCV  
  79  13:34  Marine x2  
  81  13:42  Widow Mine x2  
  85  13:58  Supply Depot  
  85  14:19  Widow Mine x3  
  85  14:20  Marine, SCV  
  93  14:24  Command Center  
  93  14:55  Marine x2, Widow Mine x2  
  93  14:56  SCV  
  93  14:58  Terran Vehicle Weapons Level 2  
  100  15:13  Marine x2  
  102  15:20  Medivac x2  
  106  15:24  Widow Mine  
  106  15:26  Stimpack  
  106  15:27  Concussive Shells  
  108  15:31  Marine x2  
  105  15:49  Marine x2  
  106  15:50  Medivac x2  
  102  16:07  Marine x2  
  102  16:20  Medivac x2  
  102  16:24  Marine x2  
  108  16:42  Marine x2  
  109  16:50  Medivac x2  
  103  17:00  Marine x2  
  102  17:18  Marine x2  
Show
View Real Time Build Order
Export as new Build Order

yoda Terran 

Build Orders:  

Get SALT Encoding   

  12  0:07  SCV  
  13  0:19  SCV  
  13  0:20  Supply Depot  
  14  0:31  SCV  
  15  0:43  SCV  
  15  0:45  Barracks  
  16  0:55  SCV  
  17  1:02  Barracks  
  17  1:07  SCV  
  18  1:19  SCV  
  19  1:32  SCV  
  20  1:38  Barracks  
  20  1:45  SCV  
  21  1:52  Supply Depot  
  21  1:58  Command Center  
  21  2:06  Refinery  
  21  2:08  Refinery  
  21  2:12  Marine  
  21  2:14  Marine  
  23  2:24  Engineering Bay  
  23  2:27  SCV  
  24  2:30  Marine  
  25  2:37  Marine  
  25  2:39  SCV  
  25  2:41  Marine  
  28  2:51  Barracks Tech Lab  
  28  3:01  Orbital Command  
  28  3:11  Marine x2  
  30  3:15  Supply Depot  
  30  3:16  Combat Shields  
  30  3:26  SCV  
  31  3:38  Marine, SCV  
  31  3:39  Marine x2  
  35  3:50  Planetary Fortress  
  35  3:56  Marine x2  
  35  3:57  Marine  
  28  4:14  Marine x3  
  23  4:32  Marine x3  
  17  4:48  SCV  
  17  4:50  Marine x3  
  18  5:00  SCV  
  19  5:07  Marine  
  19  5:08  Marine x2  
  22  5:16  Supply Depot  
  22  5:20  SCV  
  23  5:25  Marine x2  
  25  5:32  SCV  
  25  5:33  Marine  
  25  5:43  Marine  
  25  5:44  SCV  
  26  5:56  Marine x2  
  28  6:01  Marine  
  17  6:14  Marine x2  
  19  6:18  SCV  
  16  6:32  Marine  
  14  6:41  SCV  
  14  6:54  SCV  
  14  6:56  Barracks  
  14  6:58  SCV  
  15  7:05  Missile Turret  
  15  7:06  SCV  
  15  7:10  SCV  
  15  7:12  Missile Turret  
  16  7:22  SCV  
  17  7:29  Missile Turret  
  17  7:34  SCV x2  
  17  7:36  Missile Turret  
  12  7:46  SCV  
  12  7:58  SCV  
  13  8:11  SCV  
  14  8:23  SCV  
  15  8:35  SCV  
  16  8:44  Orbital Command  
  16  8:47  SCV  
  17  9:00  Supply Depot  
  17  9:01  SCV  
  18  9:11  SCV  
  18  9:13  SCV  
  19  9:25  SCV  
  20  9:34  Supply Depot  
  20  9:37  Supply Depot, SCV  
  14  9:49  SCV  
  14  10:02  SCV  
  14  10:06  Barracks  
  15  10:14  SCV  
  16  10:40  Barracks  
  16  10:51  Barracks  
  16  11:17  Barracks Tech Lab  
  16  11:24  SCV  
  17  11:36  SCV  
  18  11:41  Barracks Reactor  
  18  11:42  Engineering Bay  
  18  11:43  Barracks Reactor  
  18  11:48  SCV  
  18  11:52  Refinery  
  19  11:59  Marine  
  19  12:00  SCV  
  21  12:13  SCV  
  22  12:16  Supply Depot  
  22  12:21  Terran Infantry Weapons Level 1  
  22  12:22  Refinery  
  22  12:29  Marine x2  
  24  12:30  Marine  
  24  12:35  Marine  
  26  12:39  Marine  
  27  12:47  Supply Depot  
  27  12:50  SCV  
  28  12:52  Marine  
  29  13:00  Marine x2  
  29  13:04  Marine  
  29  13:05  Marine  
  33  13:15  Supply Depot  
  26  13:32  Marine x3  
  26  13:33  Marine x2  
  27  13:40  Missile Turret  
  27  13:48  Missile Turret  
  15  14:15  Hi-Sec Auto Tracking  
  15  14:27  Marine x4  
Tags
 
Add a new tag
Caveats
  • Supply blocks, unpowered buildings, or Contaminate may cause inaccurate times.
  • Supply counts are checked every 10 seconds.